 Dungeon Crawl Stone Soup version 0.28.0-43-g3370ac3207 (webtiles) character file.

Game seed: 5103742338516646144

2954 Ablot the Magician (level 9, 0/106 HPs)
             Began as a Gnoll Warper on Mar 2, 2022.
             Was a Believer of Okawaru.
             Slain by a killer bee (5 damage)
             ... on level 8 of the Dungeon.
             The game lasted 00:21:33 (11131 turns).

Ablot the Magician (Gnoll Warper)                  Turns: 11131, Time: 00:21:33

Health: 0/106      AC: 24    Str: 16    XL:     9   Next: 81%
Magic:  17/19      EV:  2    Int: 18    God:    Okawaru [**....]
Gold:   304        SH:  0    Dex: 11    Spells: 19/21 levels left

rFire   . . .      SeeInvis .   a - +3 spear (freeze)
rCold   + . .      Faith    .   (no shield)
rNeg    . . .      Spirit   .   (armour currently unavailable)
rPois   +          Reflect  .   (helmet currently unavailable)
rElec   .          Harm     .   (cloak currently unavailable)
rCorr   .          Rampage  .   (gloves currently unavailable)
Will    .....      NoTele   +   (boots currently unavailable)
Stlth   ++++......              O - amulet of the acrobat
HPRegen 0.27/turn               C - +6 ring of intelligence
MPRegen 0.16/turn               D - ring of protection from cold

@: lethally poisoned (0 -> -3), tree-form, heroic
A: stationary, stasis, torment immunity, boosted hp, (fangs 1), strong nose,
distributed training
a: Renounce Religion, Heroism


You were on level 8 of the Dungeon.
You worshipped Okawaru.
Okawaru was pleased with you.
You were a tree.
You visited 2 branches of the dungeon, and saw 9 of its levels.

You collected 304 gold pieces.

Inventory:

Hand Weapons
 a - a +3 spear of freezing (weapon)
 w - the +1 spear of Ragnarok {holy, rC++ Will- Str+9 Int-5}
   (You found it on level 4 of the Dungeon)

   It has been blessed by the Shining One to cause great damage to the undead
   and demons.
   Str:       It affects your strength (+9).
   Int:       It affects your intelligence (-5).
   rC:        It greatly protects you from cold.
   Will:      It decreases your willpower.
 S - a +2 long sword of draining
Missiles
 d - 4 boomerangs of dispersal
 e - 36 sling bullets
 f - 25 bolts
 l - 115 stones
 o - 78 arrows
 p - 31 poisoned darts (quivered)
 r - a curare-tipped dart
 L - 7 boomerangs
 Q - a throwing net
Armour
 b - a +1 robe of resistance (melded)
 n - a +0 pair of boots (melded)
 q - a +0 pair of gloves (melded)
 B - an orb of guile
 M - a +0 helmet (melded)
Magical Staves
 j - a staff of cold
Jewellery
 C - a +6 ring of intelligence (left branch)
 D - a ring of protection from cold (right branch)
 O - an amulet of the acrobat (around neck)
 R - a ring of flight
Wands
 H - a wand of iceblast (8)
Scrolls
 c - 2 scrolls of blinking
 i - a scroll of magic mapping {unknown}
 v - a scroll of fear {unknown}
 x - 2 scrolls of immolation {unknown}
 y - 5 scrolls of identify
 A - 2 scrolls of teleportation
 F - 2 scrolls of fog
 G - a scroll of vulnerability {unknown}
 I - a scroll of silence {unknown}
 J - a scroll of noise {unknown}
Potions
 h - 2 potions of resistance
 k - 4 potions of curing
 m - 5 potions of lignification
 s - a potion of haste {unknown}
 t - a potion of flight {unknown}
 u - 2 potions of brilliance {unknown}
 z - a potion of magic
 E - 2 potions of ambrosia {unknown}
 K - 2 potions of cancellation {unknown}
 N - a potion of mutation {unknown}
 P - a potion of degeneration {unknown}
 T - a potion of berserk rage {unknown}


   Skills:
 + Level 6.5(11.5) Fighting
 + Level 4.6(9.6) Short Blades
 + Level 4.6(9.6) Long Blades
 + Level 4.6(9.6) Axes
 + Level 4.6(9.6) Maces & Flails
 + Level 6.5(11.5) Polearms
 + Level 4.6(9.6) Staves
 + Level 4.6(9.6) Slings
 + Level 4.6(9.6) Bows
 + Level 4.6(9.6) Crossbows
 + Level 5.3(10.3) Throwing
 + Level 5.3(10.3) Armour
 + Level 6.5(11.5) Dodging
 + Level 4.6(9.6) Stealth
 + Level 4.6(9.6) Shields
 + Level 4.6(9.6) Unarmed Combat
 + Level 6.9 Spellcasting
 + Level 3.8 Conjurations
 + Level 3.8 Hexes
 + Level 3.8 Summonings
 + Level 3.8 Necromancy
 + Level 6.7 Translocations
 + Level 3.8 Transmutations
 + Level 3.8 Fire Magic
 + Level 3.8 Ice Magic
 + Level 3.8 Air Magic
 + Level 3.8 Earth Magic
 + Level 3.8 Poison Magic
 + Level 5.0 Invocations
 + Level 4.6 Evocations


You had 19 spell levels left.
You knew the following spells:

 Your Spells              Type           Power      Damage    Failure   Level
a - Blink                 Tloc           60%        N/A       1%          2

Your spell library contained the following spells:

 Spells                   Type           Power      Damage    Failure   Level
 Gell's Gravitas          Tloc           30%        N/A       1%          3
 Lesser Beckoning         Tloc           30%        N/A       1%          3
 Teleport Other           Tloc           30%        N/A       1%          3
 Manifold Assault         Tloc           30%        N/A       19%         5


Dungeon Overview and Level Annotations

Branches:
Dungeon (8/15)             Temple (1/1) D:4
   Lair: D:8-11

Altars:
Ashenzari
Cheibriados
Dithmenos
Elyvilon
Gozag
Hepliaklqana
Kikubaaqudgha
Makhleb
Nemelex Xobeh
Okawaru
Ru
Sif Muna
Trog
Uskayaw
Vehumet
Wu Jian
Xom
Yredelemnul
Zin
The Shining One
Beogh

Annotations:
D:7 2 transporters, Colgate's ghost, novice KoAE


Innate Abilities, Weirdness & Mutations

You are a tree.
Your roots penetrate the ground, keeping you stationary.
You cannot be teleported.
You are immune to unholy pain and torment.
Your maximum health is greatly increased.
Your equipment is partially melded.
((You have very sharp teeth.))
Your uncanny sense of smell can sniff out nearby items.
Your experience applies equally to all skills.


Message History

* * * LOW HITPOINT WARNING * * *
Unknown command.
You barely miss the killer bee. The killer bee stings you.
* * * LOW HITPOINT WARNING * * *
The killer bee stings you but does no damage.
You hit the killer bee but do no damage.
The killer bee stings you but does no damage. x2
A killer bee comes into view.
You barely miss the killer bee.
The killer bee buzzes angrily.
Your punch misses the killer bee.
You hear an angry buzzing noise.
The killer bee stings you but does no damage. x2
You hit the killer bee but do no damage.
The killer bee stings you but does no damage. x2
You barely miss the killer bee.
You feel like a meek peon again. The killer bee stings you.
* * * LOW HITPOINT WARNING * * *
You are poisoned.
The killer bee poisons you! The killer bee completely misses you.
Unknown command.
It was a potion of magic.
Magic courses through your body.
* * * LOW HITPOINT WARNING * * *
You feel sick.
The killer bee stings you but does no damage. x4
Unknown command.
Casting: Blink (safe; 1% risk of failure)
Confirm with . or Enter, or press ? or * to list all spells.
You cannot blink because you are held in place by your roots.
Unknown command.
You hit the killer bee. You freeze the killer bee.
The killer bee is moderately wounded.
You feel sick.
The killer bee stings you but does no damage. x4
You gain the combat prowess of a mighty hero.
You feel sick. The killer bee barely misses you. x2
The killer bee stings you but does no damage.
The killer bee stings you.
You die...

... ...... #.# .....#
#.# ##.#...# #.##
#..#...# ♣ ..###).#
#.##...# .♣
#......###.##...# ..
###....)..<##...###y♣
##.#####.##..y#yyy♣
#. #...[..♣# .#
##....### .. ##....#
∆ ... #.....# ###
#.......# ..##.......
..# ##....... ...
##....(## .. #....#


You could see 5 killer bees.

Vanquished Creatures
  A shadow (D:7)
  Eustachio (D:5)
  2 water moccasins (D:6)
  A black bear (D:6)
  2 orc warriors
  Duvessa (D:4)
  A hornet zombie (D:5)
  An ice beast (D:8)
  2 ogres
  A centaur (D:6)
  2 kobold brigands
  A scorpion (D:5)
  Dowan (D:4)
  8 killer bees
  A jelly (D:7)
  5 wights (D:7)
  A howler monkey (D:5)
  A centaur zombie (D:7)
  2 hounds (D:5)
  2 orc priests
  A gnoll shaman (D:6)
  4 iguanas
  7 orc wizards
  A scorpion zombie (D:5)
  A hound skeleton (D:4)
  A howler monkey zombie (D:4)
  8 gnolls
  4 adders
  A white imp (D:7)
  An ufetubus (D:5)
  A worm (D:3)
  5 dart slugs
  34 orcs
  5 ball pythons
  4 endoplasms
  2 giant cockroaches
  5 goblins
  7 hobgoblins
  5 jackals (D:1)
  5 bats
  5 frilled lizards
  14 kobolds
158 creatures vanquished.

Notes
Turn   | Place    | Note
-------+----------+-------------------------------------------
     0 | D:1      | Ablot the Gnoll Warper began the quest for the Orb.
     0 | D:1      | Reached XP level 1. HP: 20/20 MP: 6/6
   251 | D:1      | Found a faded altar of an unknown god.
   407 | D:1      | Reached XP level 2. HP: 26/26 MP: 7/7
   410 | D:1      | Learned a level 2 spell: Blink
  1162 | D:1      | Reached XP level 3. HP: 31/31 MP: 9/9
  1273 | D:2      | Reached skill level 5 in Spellcasting
  1314 | D:2      | Reached skill level 1 in Invocations
  1636 | D:2      | Reached skill level 1 in Short Blades
  1636 | D:2      | Reached skill level 1 in Long Blades
  1636 | D:2      | Reached skill level 1 in Axes
  1636 | D:2      | Reached skill level 1 in Maces & Flails
  1636 | D:2      | Reached skill level 1 in Staves
  1636 | D:2      | Reached skill level 1 in Slings
  1636 | D:2      | Reached skill level 1 in Bows
  1636 | D:2      | Reached skill level 1 in Crossbows
  1636 | D:2      | Reached skill level 1 in Stealth
  1636 | D:2      | Reached skill level 1 in Shields
  1636 | D:2      | Reached skill level 1 in Unarmed Combat
  1636 | D:2      | Reached skill level 1 in Evocations
  2077 | D:3      | Reached XP level 4. HP: 38/38 MP: 11/11
  2153 | D:3      | Reached skill level 1 in Conjurations
  2153 | D:3      | Reached skill level 1 in Hexes
  2153 | D:3      | Reached skill level 1 in Summonings
  2153 | D:3      | Reached skill level 1 in Necromancy
  2153 | D:3      | Reached skill level 1 in Transmutations
  2153 | D:3      | Reached skill level 1 in Fire Magic
  2153 | D:3      | Reached skill level 1 in Ice Magic
  2153 | D:3      | Reached skill level 1 in Air Magic
  2153 | D:3      | Reached skill level 1 in Earth Magic
  2153 | D:3      | Reached skill level 1 in Poison Magic
  2898 | D:3      | Reached XP level 5. HP: 32/43 MP: 12/12
  3215 | D:4      | Identified the +1 spear of Ragnarok {holy, rC++ Will- Str+9
                  | Int-5}
  3240 | D:4      | Noticed an ogre
  3246 | D:4      | Killed an ogre
  3288 | D:4      | Reached XP level 6. HP: 39/50 MP: 13/13
  3390 | D:4      | Found a staircase to the Ecumenical Temple.
  3409 | Temple   | Entered the Ecumenical Temple
  3746 | Temple   | Became a worshipper of Warmaster Okawaru
  4358 | D:4      | Noticed Duvessa
  4358 | D:4      | Noticed Dowan
  4368 | D:4      | Killed Duvessa
  4369 | D:4      | Reached skill level 5 in Fighting
  4369 | D:4      | Reached skill level 5 in Polearms
  4369 | D:4      | Reached skill level 5 in Dodging
  4389 | D:4      | Killed Dowan
  4656 | D:5      | Entered Level 5 of the Dungeon
  4786 | D:5      | Reached XP level 7. HP: 12/56 MP: 11/15
  5492 | D:5      | Found a runed translucent door.
  5519 | D:5      | Reached * piety under Okawaru
  6373 | D:5      | Noticed Eustachio
  6411 | D:5      | Reached XP level 8. HP: 16/63 MP: 16/16
  6725 | D:5      | Killed Eustachio
  7873 | D:6      | Reached ** piety under Okawaru
  8282 | D:6      | Reached XP level 9. HP: 21/69 MP: 18/18
 10107 | D:7      | Reached skill level 5 in Throwing
 10107 | D:7      | Reached skill level 5 in Armour
 10559 | D:7      | Noticed a two-headed ogre
 10562 | D:7      | Noticed Colgate's ghost (novice KoAE)
 10577 | D:7      | Found a transporter.
 10716 | D:7      | Found a transporter.
 11090 | D:8      | Reached skill level 5 in Invocations
 11131 | D:8      | HP: 5/106 [poisoned by a killer bee]
 11131 | D:8      | Slain by a killer bee

Illustrated notes

Levels and vault maps discovered:
D:1:      lemuel_arrival_behind_the_door_large, layout_basic,
          hellmonk_ecumenical_altar_crossroads, minmay_misc_feat_hallway,
          minmay_pentomino_z2
D:2:      layout_rooms, chequers_serial_rivers_room_b,
          hangedman_abyss_or_decor_lesser_grid
D:3:      layout_basic
D:4:      layout_basic, minmay_temple_entry_stoned_glass,
          nicolae_zen_rock_garden, nicolae_elevator_lobby_plus, uniq_duvessa
D:5:      layout_loops_corners, lightli_church_of_beogh, uniq_eustachio
D:6:      kennysheep_big_flooded_room, layout_loops_corners,
          lightli_ossuary_entry_decrepit_ruins
D:7:      layout_basic, gammafunk_ghost_arena, corexii_corridor_pit
D:8:      wad_woods_minihive, layout_layer_cave, minmay_manual_mail, uniq_pikel
Temple:   mainiacjoe_temple_cubbyholes

Skill      XL: |  1  2  3  4  5  6  7  8  9 |
---------------+----------------------------+-----
Spellcasting   | 5 6 |  6.9
Invocations    | 1 2 3 4 5 |  5.0
Short Blades   | 1 2 3 4 |  4.6
Long Blades    | 1 2 3 4 |  4.6
Axes           | 1 2 3 4 |  4.6
Maces & Flails | 1 2 3 4 |  4.6
Staves         | 1 2 3 4 |  4.6
Slings         | 1 2 3 4 |  4.6
Bows           | 1 2 3 4 |  4.6
Crossbows      | 1 2 3 4 |  4.6
Stealth        | 1 2 3 4 |  4.6
Shields        | 1 2 3 4 |  4.6
Unarmed Combat | 1 2 3 4 |  4.6
Evocations     | 1 2 3 4 |  4.6
Conjurations   | 1 2 3 |  3.8
Hexes          | 1 2 3 |  3.8
Summonings     | 1 2 3 |  3.8
Necromancy     | 1 2 3 |  3.8
Transmutations | 1 2 3 |  3.8
Fire Magic     | 1 2 3 |  3.8
Ice Magic      | 1 2 3 |  3.8
Air Magic      | 1 2 3 |  3.8
Earth Magic    | 1 2 3 |  3.8
Poison Magic   | 1 2 3 |  3.8
Throwing       | 3 4 5 |  5.3
Armour         | 3 4 5 |  5.3
Fighting       | 5 6 |  6.5
Polearms       | 5 6 |  6.5
Dodging        | 5 6 |  6.5
Translocations | 6 |  6.7

Action                   |  1- 3 |  4- 6 |  7- 9 || total
-------------------------+-------+-------+-------++-------
Melee: Spear             |   130 |   221 |   590 ||   941
       Bite              |    13 |    21 |    46 ||    80
       Punch             |     1 |     3 |    13 ||    17
Throw: Dart              |     1 |    14 |    20 ||    35
       Boomerang         |       |       |     1 ||     1
 Cast: Blink             |     1 |     2 |     6 ||     9
Invok: Heroism           |       |       |     8 ||     8
  Use: Potion            |     1 |       |     4 ||     5
       Scroll            |       |       |     2 ||     2
 Stab: Sleeping          |       |     1 |     6 ||     7
Armor: Leather armour    |    20 |    52 |       ||    72
       Robe              |       |     6 |    94 ||   100
       Skin              |       |       |    24 ||    24
Dodge: Dodged            |    66 |    86 |   308 ||   460
